EL
NEW BRITAIN ROCK CATS @ ALTOONA CURVE
08/07/2003
 
TOP OF THE 1ST
Binghamton Mets batting - Pitching for Akron Aeros : RHP Brian Jackson
Pitching: RHP Brian Jackson
Batting: RHB Rocco Baldelli 0-0: Called Strike
0-1: Ball
1-1: Ball
2-1: Ground out 4-3 (Groundball, 4MS, EV 69.4 MPH)
Batting: RHB Luis Rodriguez 0-0: Foul Ball, location: 7LMF
0-1: Foul Ball, location: 9LMFF
0-2: Ball
1-2: Strikes out swinging
Batting: SHB Cesar Izturis 0-0: Called Strike
0-1: Ball
1-1: DOUBLE (Line Drive, 9LM, EV 110.0 MPH)
Batting: LHB Jeff Stanek 0-0: Ball
1-0: Ball
2-0: Called Strike
2-1: Foul Ball, location: 7LMF
2-2: Foul Ball, location: 2RF
2-2: Strikes out swinging
Top of the 1st over - 0 runs, 1 hit, 0 errors, 1 left on base; Binghamton 0 - Akron 0
BOTTOM OF THE 1ST
Akron Aeros batting - Pitching for Binghamton Mets : RHP Chris M. Smith
Pitching: RHP Chris M. Smith
Batting: LHB Jason Maule 0-0: Ball
1-0: Called Strike
1-1: SINGLE (Line Drive, 4M, EV 100.6 MPH)
Batting: LHB David DeJesus 0-0: Ball
Jason Maule is caught stealing 2nd base 2-6
1-0: Foul Ball, location: 2F
1-1: Ground out 4-3 (Groundball, 4, EV 86.3 MPH)
Batting: RHB Aaron Hill 0-0: SOLO HOME RUN (Flyball, 7D, EV 96.9 MPH), Distance : 402 ft
Batting: LHB Ben Broussard 0-0: Ball
1-0: Fly out, F8 (Flyball, 8RD, EV 95.6 MPH)
Bottom of the 1st over - 1 run, 2 hits, 0 errors, 0 left on base; Binghamton 0 - Akron 1
TOP OF THE 2ND
Binghamton Mets batting - Pitching for Akron Aeros : RHP Brian Jackson
Batting: RHB Israel Cruz 0-0: Ball
1-0: Ball
2-0: SINGLE (Groundball, 4MD, EV 95.6 MPH)
Batting: RHB Eppe Koomen 0-0: Reached on error, E3 (Groundball, 34S, EV 85.0 MPH)
Israel Cruz to second
Batting: LHB Mike Campo 0-0: Ball
1-0: Ball
Israel Cruz steals 3rd base
2-0: Ball
3-0: Called Strike
3-1: Fielders Choice at 2nd, 3-6 (Groundball, 3, EV 80.6 MPH)
Israel Cruz scores
Batting: RHB Jesse Joyce 0-0: Foul Ball, location: 2F
0-1: Ball
1-1: DOUBLE (Line Drive, 9LS, EV 102.5 MPH)
Mike Campo to third
Batting: RHB John Castellano 0-0: Called Strike
0-1: Ball
1-1: Foul Ball, location: 2LF
1-2: Foul Ball, location: 2F
1-2: Ball
2-2: Foul Ball, location: 9LSF
2-2: Foul Ball, location: 2F
2-2: Foul Ball, location: 5F
2-2: Foul Ball, location: 5FF
2-2: Ball
3-2: Foul Ball, location: 3DF
3-2: Base on Balls
Batting: RHB Rocco Baldelli 0-0: Foul Ball, location: 2RF
0-1: Fly out, F4 (Line Drive, 4, EV 63.8 MPH)
Batting: RHB Luis Rodriguez 0-0: Ball
1-0: Foul Ball, location: 3F
1-1: Ball
2-1: Ground out 5-3 (Groundball, 56S, EV 85.6 MPH)
Top of the 2nd over - 1 run, 2 hits, 1 error, 3 left on base; Binghamton 1 - Akron 1
BOTTOM OF THE 2ND
Akron Aeros batting - Pitching for Binghamton Mets : RHP Chris M. Smith
Batting: LHB Juan Flores 0-0: Ball
1-0: Ground out 4-3 (Groundball, 4M, EV 80.0 MPH)
Batting: LHB Todd Self 0-0: Ball
1-0: Foul Ball, location: 25F
1-1: Ball
2-1: Foul Ball, location: 7LSFF
2-2: Foul Ball, location: 2F
2-2: Strikes out swinging
Batting: RHB Frank Garcia 0-0: Fly out, F9 (Flyball, 9LMF, EV 84.4 MPH)
Bottom of the 2nd over - 0 runs, 0 hits, 0 errors, 0 left on base; Binghamton 1 - Akron 1
TOP OF THE 3RD
Binghamton Mets batting - Pitching for Akron Aeros : RHP Brian Jackson
Batting: SHB Cesar Izturis 0-0: Ball
1-0: Ground out 6-3 (Groundball, 6, EV 88.1 MPH)
Batting: LHB Jeff Stanek 0-0: Ball
1-0: SINGLE (Groundball, 34D, EV 110.0 MPH)
Batting: RHB Israel Cruz 0-0: Fly out, F3 (Popup, 23F, EV 84.4 MPH)
Batting: RHB Eppe Koomen 0-0: Ground out 4-3 (Groundball, 34, EV 83.8 MPH)
Top of the 3rd over - 0 runs, 1 hit, 0 errors, 1 left on base; Binghamton 1 - Akron 1
BOTTOM OF THE 3RD
Akron Aeros batting - Pitching for Binghamton Mets : RHP Chris M. Smith
Batting: LHB Ruben Flores 0-0: Ground out U3 (Groundball, 34, EV 94.4 MPH)
Batting: RHB Brandon Jackson 0-0: Ball
1-0: Called Strike
1-1: Ball
2-1: Foul Ball, location: 2F
2-2: Ball
3-2: Strikes out looking
Batting: LHB Jason Maule 0-0: Called Strike
0-1: Ball
1-1: Swinging Strike
1-2: Foul Ball, location: 2F
1-2: Foul Ball, location: 3F
1-2: Foul Ball, location: 3SF
1-2: Ball
2-2: SINGLE (Line Drive, 9S, EV 101.3 MPH)
Batting: LHB David DeJesus 0-0: Called Strike
0-1: Fielders Choice at 2nd, 6-4 (Groundball, 6, EV 87.5 MPH)
Bottom of the 3rd over - 0 runs, 1 hit, 0 errors, 1 left on base; Binghamton 1 - Akron 1
TOP OF THE 4TH
Binghamton Mets batting - Pitching for Akron Aeros : RHP Brian Jackson
Batting: LHB Mike Campo 0-0: Foul Ball, location: 2RF
0-1: Called Strike
0-2: Ball
1-2: Ball
2-2: Ball
3-2: Foul Ball, location: 23F
3-2: Base on Balls
Batting: RHB Jesse Joyce 0-0: Called Strike
0-1: Ball
1-1: Called Strike
1-2: Ball
2-2: SINGLE (Groundball, 4MD, EV 96.3 MPH)
Mike Campo to second
Batting: RHB John Castellano 0-0: Ball
1-0: DOUBLE (Flyball, 8LXD, EV 98.1 MPH)
Mike Campo scores
Jesse Joyce to third
Batting: RHB Rocco Baldelli 0-0: Ball
1-0: SINGLE (Line Drive, 6MD, EV 104.4 MPH)
Jesse Joyce scores
John Castellano to third
Batting: RHB Luis Rodriguez 0-0: Ball
Rocco Baldelli steals 2nd base (no throw)
1-0: Called Strike
1-1: SINGLE (Line Drive, 4M, EV 94.4 MPH)
John Castellano scores
Rocco Baldelli to third
Batting: SHB Cesar Izturis 0-0: Called Strike
0-1: Fly out, F7 (Flyball, 7D, EV 104.4 MPH)
Runner from 3rd tags up, SCORES, no throw by LF
Batting: LHB Jeff Stanek 0-0: Called Strike
0-1: Ball
1-1: Grounds into double play, 5-4-3 (Groundball, 56, EV 80.0 MPH)
Top of the 4th over - 4 runs, 4 hits, 0 errors, 0 left on base; Binghamton 5 - Akron 1
BOTTOM OF THE 4TH
Akron Aeros batting - Pitching for Binghamton Mets : RHP Chris M. Smith
Batting: RHB Aaron Hill 0-0: Ball
1-0: Swinging Strike
1-1: Ball
2-1: Foul Ball, location: 2F
2-2: DOUBLE (Line Drive, 89M, EV 98.1 MPH)
Batting: LHB Ben Broussard 0-0: Foul Ball, location: 5FF
0-1: Ball
1-1: Ball
2-1: Hit by Pitch
Batting: LHB Juan Flores 0-0: Fielders Choice at 2nd, 3-6 (Groundball, 34, EV 96.3 MPH)
Aaron Hill to third
Batting: LHB Todd Self 0-0: Ball
1-0: Ball
2-0: Fly out, F7 (Flyball, 7, EV 95.6 MPH)
Runner from 3rd tags up, SCORES, throw by LF
Batting: RHB Frank Garcia 0-0: Hit by Pitch
Juan Flores to second
Batting: LHB Ruben Flores 0-0: Ball
1-0: Foul Ball, location: 3DF
1-1: Ground out U3 (Groundball, 3, EV 85.6 MPH)
Bottom of the 4th over - 1 run, 1 hit, 0 errors, 2 left on base; Binghamton 5 - Akron 2
TOP OF THE 5TH
Binghamton Mets batting - Pitching for Akron Aeros : RHP Brian Jackson
Pitching: RHP Danny Crawford
Batting: RHB Israel Cruz 0-0: Ball
1-0: Ball
2-0: Ball
3-0: Base on Balls
Batting: RHB Eppe Koomen 0-0: Ball
1-0: Called Strike
1-1: Reached on error, E5 (Groundball, 56, EV 93.8 MPH)
Israel Cruz to second
Batting: LHB Mike Campo 0-0: Ball
1-0: Foul Ball, location: 5SF
1-1: SINGLE (Flyball, 89S, EV 90.6 MPH)
Israel Cruz to third
Eppe Koomen to second
Batting: RHB Jesse Joyce 0-0: Fly out, F8 (Flyball, 8LM, EV 93.8 MPH)
Runner from 3rd tags up, SCORES, no throw by CF
Batting: RHB John Castellano 0-0: DOUBLE (Flyball, 89XD, EV 107.5 MPH)
Eppe Koomen scores
Mike Campo to third
Batting: RHB Rocco Baldelli 0-0: Swinging Strike
0-1: Swinging Strike
0-2: Ball
1-2: Ball
2-2: Strikes out swinging
Batting: RHB Luis Rodriguez 0-0: Called Strike
0-1: Foul Ball, location: 5DF
0-2: Strikes out looking
Top of the 5th over - 2 runs, 2 hits, 1 error, 2 left on base; Binghamton 7 - Akron 2
BOTTOM OF THE 5TH
Akron Aeros batting - Pitching for Binghamton Mets : RHP Chris M. Smith
Batting: RHB Brandon Jackson 0-0: Ball
1-0: Ball
2-0: Called Strike
2-1: Ball
3-1: Base on Balls
Batting: LHB Jason Maule 0-0: Ball
1-0: SINGLE (Line Drive, 9S, EV 104.4 MPH)
Brandon Jackson to second
Runner from 2nd tries for 3rd, SAFE, throw by RF made to third
Batting: LHB David DeJesus 0-0: Foul Ball, location: 2F
0-1: Called Strike
0-2: Foul Ball, location: 3SF
0-2: Strikes out swinging
Batting: RHB Aaron Hill 0-0: Ball
1-0: Called Strike
Jason Maule steals 2nd base
1-1: Fly out, F8 (Flyball, 8LXD, EV 105.0 MPH)
Runner from 3rd tags up, SCORES, no throw by CF
Jason Maule to third
Batting: LHB Ben Broussard 0-0: Ball
1-0: Called Strike
1-1: Swinging Strike
1-2: Foul Ball, location: 2F
1-2: Ground out 6-3 (Groundball, 6, EV 108.8 MPH)
Bottom of the 5th over - 1 run, 1 hit, 0 errors, 1 left on base; Binghamton 7 - Akron 3
TOP OF THE 6TH
Binghamton Mets batting - Pitching for Akron Aeros : RHP Danny Crawford
Batting: SHB Cesar Izturis 0-0: SINGLE (Line Drive, 9S, EV 106.3 MPH)
Batting: LHB Jeff Stanek 0-0: Foul Ball, location: 23FF
0-1: SINGLE (Groundball, 6MD, EV 95.6 MPH)
Cesar Izturis to second
Batting: RHB Israel Cruz 0-0: TRIPLE (Line Drive, 89XD, EV 99.4 MPH)
Cesar Izturis scores
Jeff Stanek scores
Pitching: RHP Ricardo Castaneda
Batting: RHB Eppe Koomen 0-0: Ball
1-0: Ball
2-0: Called Strike
2-1: Foul Ball, location: 2F
2-2: Ball
3-2: Ground out U3 (Groundball, 3L, EV 79.4 MPH)
Batting: LHB Mike Campo 0-0: Ball
1-0: Swinging Strike
1-1: Ground out 1-3 (Groundball, 25, EV 66.3 MPH)
Batting: RHB Jesse Joyce 0-0: Reached on error, E4 (Groundball, 4, EV 86.9 MPH)
Israel Cruz scores
Batting: RHB John Castellano 0-0: Ball
1-0: Called Strike
1-1: Ball
2-1: Fly out, F8 (Line Drive, 89M, EV 90.0 MPH)
Top of the 6th over - 3 runs, 3 hits, 1 error, 1 left on base; Binghamton 10 - Akron 3
BOTTOM OF THE 6TH
Akron Aeros batting - Pitching for Binghamton Mets : RHP Chris M. Smith
Batting: LHB Juan Flores 0-0: Ball
1-0: Ball
2-0: Ball
3-0: Called Strike
3-1: Foul Ball, location: 2F
3-2: Strikes out swinging
Batting: LHB Todd Self 0-0: Ball
1-0: Fly out, F9 (Flyball, 9D, EV 102.5 MPH)
Batting: RHB Frank Garcia 0-0: Called Strike
0-1: Called Strike
0-2: Foul Ball, location: 2F
0-2: Foul Ball, location: 5F
0-2: Ball
1-2: Foul Ball, location: 3DF
1-2: Foul Ball, location: 25F
1-2: Ball
2-2: Ball
3-2: Foul Ball, location: 5F
3-2: Ground out 6-3 (Groundball, 56, EV 90.0 MPH)
Bottom of the 6th over - 0 runs, 0 hits, 0 errors, 0 left on base; Binghamton 10 - Akron 3
TOP OF THE 7TH
Binghamton Mets batting - Pitching for Akron Aeros : RHP Ricardo Castaneda
Pinch Hitting: RHB Eric Battersby 0-0: Called Strike
0-1: Swinging Strike
0-2: Ball
1-2: Strikes out swinging
Batting: RHB Luis Rodriguez 0-0: Fly out, F9 (Flyball, 9D, EV 105.0 MPH)
Batting: SHB Cesar Izturis 0-0: Called Strike
0-1: SINGLE (Line Drive, 8LS, EV 93.8 MPH)
Batting: LHB Jeff Stanek 0-0: Fly out, F7 (Flyball, 78M, EV 79.4 MPH)
Top of the 7th over - 0 runs, 1 hit, 0 errors, 1 left on base; Binghamton 10 - Akron 3
BOTTOM OF THE 7TH
Akron Aeros batting - Pitching for Binghamton Mets : RHP Chris M. Smith
Pitching: RHP Danny Delgado
Now in CF: Brent Sachs
Pinch Hitting: RHB Perry Miley 0-0: Ball
1-0: Swinging Strike
1-1: Ball
2-1: Called Strike
2-2: Ball
3-2: Strikes out swinging
Pinch Hitting: RHB Shaun Skrehot 0-0: Called Strike
0-1: Ball
1-1: Ball
2-1: Fly out, F7 (Flyball, 7LM, EV 106.3 MPH)
Pinch Hitting: RHB Rich Almanzar 0-0: Ball
1-0: Ball
2-0: Foul Ball, location: 3F
2-1: Ball
3-1: Foul Ball, location: 3F
3-2: Base on Balls
Pinch Hitting: LHB Josh Hoffpauir 0-0: Ball
1-0: Foul Ball, location: 5F
1-1: Swinging Strike
1-2: Ball
2-2: Ground out U3 (Groundball, 3L, EV 89.4 MPH)
Bottom of the 7th over - 0 runs, 0 hits, 0 errors, 1 left on base; Binghamton 10 - Akron 3
TOP OF THE 8TH
Binghamton Mets batting - Pitching for Akron Aeros : RHP Ricardo Castaneda
Now at 1B: Val Pascucci
Now at 2B: Aaron Hill
Now at 3B: Rich Almanzar
Now at SS: Shaun Skrehot
Now in LF: Ben Broussard
Now in CF: Perry Miley
Batting: RHB Israel Cruz 0-0: Ball
1-0: Foul Ball, location: 2RF
1-1: Ball
2-1: Swinging Strike
2-2: Ball
3-2: Foul Ball, location: 9LSF
3-2: Strikes out swinging
Batting: RHB Eppe Koomen 0-0: Ball
1-0: Ball
2-0: Ground out 5-3 (Groundball, 56, EV 85.6 MPH)
Batting: LHB Mike Campo 0-0: Called Strike
0-1: Ball
1-1: Ball
2-1: Swinging Strike
2-2: Ball
3-2: Foul Ball, location: 9LSFF
3-2: Foul Ball, location: 7LDF
3-2: Strikes out looking
Top of the 8th over - 0 runs, 0 hits, 0 errors, 0 left on base; Binghamton 10 - Akron 3
BOTTOM OF THE 8TH
Akron Aeros batting - Pitching for Binghamton Mets : RHP Danny Delgado
Pitching: RHP Mike Meyer
Pinch Hitting: RHB Carlos Hernandez 0-0: Called Strike
0-1: Ball
1-1: SOLO HOME RUN (Flyball, 89XD, EV 111.3 MPH), Distance : 433 ft
Batting: LHB Ben Broussard 0-0: Ball
1-0: Ball
2-0: Ball
3-0: Called Strike
3-1: Swinging Strike
3-2: Foul Ball, location: 3FF
3-2: Base on Balls
Batting: LHB Juan Flores 0-0: Called Strike
0-1: Foul Ball, location: 2F
0-2: Foul Ball, location: 7LSF
0-2: Ball
1-2: SINGLE (Line Drive, 78M, EV 88.8 MPH)
Ben Broussard to second
Runner from 2nd tries for 3rd, SAFE, throw by LF made to third
Batting: LHB Todd Self 0-0: Foul Ball, location: 9LMF
0-1: Swinging Strike
0-2: Ball
1-2: Foul Ball, location: 2F
1-2: Fielders Choice at 2nd, 4-6 (Groundball, 4, EV 108.8 MPH)
Ben Broussard scores
Pitching: LHP Mike Gray
Batting: RHB Frank Garcia 0-0: Foul Ball, location: 2F
0-1: Foul Ball, location: 7LSFF
0-2: Strikes out looking
Batting: RHB Perry Miley 0-0: Ball
1-0: Fly out, F4 (Popup, 4M, EV 77.5 MPH)
Bottom of the 8th over - 2 runs, 2 hits, 0 errors, 1 left on base; Binghamton 10 - Akron 5
TOP OF THE 9TH
Binghamton Mets batting - Pitching for Akron Aeros : RHP Ricardo Castaneda
Now at 2B: Rich Almanzar
Now at 3B: Carlos Hernandez
Batting: RHB Jesse Joyce 0-0: Ball
1-0: Fly out, F7 (Flyball, 7LM, EV 90.0 MPH)
Batting: RHB John Castellano 0-0: Fly out, F9 (Line Drive, 9, EV 92.5 MPH)
Batting: RHB Brent Sachs 0-0: Swinging Strike
0-1: Ball
1-1: Ground out 1-3 (Groundball, P, EV 70.0 MPH)
Top of the 9th over - 0 runs, 0 hits, 0 errors, 0 left on base; Binghamton 10 - Akron 5
BOTTOM OF THE 9TH
Akron Aeros batting - Pitching for Binghamton Mets : LHP Mike Gray
Pinch Hitting: SHB Felipe Crespo 0-0: Called Strike
0-1: Ball
1-1: SINGLE (Groundball, 4MD, EV 95.0 MPH)
Batting: RHB Rich Almanzar 0-0: Called Strike
0-1: Ball
1-1: Ball
2-1: Fly out, F8 (Flyball, 78D, EV 90.6 MPH)
Batting: RHB Val Pascucci 0-0: Swinging Strike
0-1: Ball
1-1: Called Strike
1-2: Ball
2-2: Ball
3-2: Fly out, F2 (Popup, 25F, EV 83.8 MPH)
Batting: RHB Carlos Hernandez 0-0: Swinging Strike
0-1: Ball
1-1: Ball
2-1: SINGLE (Line Drive, 6MD, EV 98.8 MPH)
Felipe Crespo to second
Batting: LHB Ben Broussard 0-0: Called Strike
0-1: Ball
1-1: Swinging Strike
1-2: Ball
2-2: Ground out 4-3 (Groundball, 4, EV 90.6 MPH)
Bottom of the 9th over - 0 runs, 2 hits, 0 errors, 2 left on base; Binghamton 10 - Akron 5
Monday, September 23rd , 2024 - OOTP Baseball 25.8 Build 85